 Dungeon Sprint DCSS version 0.31-a0-43-g46d131a48f (webtiles) character file.

Game seed: 15377409383812580033

639 sircluck the Grappler (level 7, -1/79 HPs)
             Began as a Troll Berserker on May 19, 2023.
             Was a Priest of Trog.
             Slain by a boulder beetle (11 damage)
             ... in the Dungeon (Sprint II: "The Violet Keep of Menkaure").
             The game lasted 00:00:53 (116 turns).

sircluck the Grappler (Troll Berserker)              Turns: 116, Time: 00:00:53

Health: -1/79      AC:  4    Str: 28    XL:     7   Next: 25%
Magic:  6/6        EV: 11    Int: -3 (-1) God:    Trog [***...]
Gold:   486        SH:  0    Dex:  9    Spells: 6/6 levels left

rFire   . .          .
                       - Unarmed
rCold   . . .        (no shield)
rNeg    . . .        a - +0 animal skin
rPois   .            (helmet restricted)
rElec   .            (no cloak)
rCorr   .            (gloves unavailable)
SInv    .            (boots unavailable)
Will    .....        (no amulet)
Stlth   +            (no ring)
HPRegen 1.13/turn    (no ring)
MPRegen 0.10/turn

%: no teleportation
@: slowed, lost intelligence, unable to read, very slow
A: large, unfitting armour, claws 3, regeneration 1, shaggy fur 1, tough skin 1,
antennae 1, dopey 2, screaming 1, devolution 1
a: Renounce Religion, Berserk, Trog's Hand


You were in the Dungeon.
You worshipped Trog.
Trog was most pleased with you.
You visited 1 branch You collected 486 gold pieces.

Inventory:

Armour
 a - a +0 animal skin (worn)
Scrolls
 g - a scroll of blinking
Potions
 b - a potion of curing
 c - a potion of heal wounds
 d - a potion of haste
 e - 2 potions of magic
 f - a potion of berserk rage


   Skills:
 + Level 7.9 Fighting
 + Level 7.7 Dodging
 + Level 10.2 Unarmed Combat


You had 6 spell levels left.
You didn't know any spells.
Your spell library was empty.

Dungeon Overview and Level Annotations

Branches:
Dungeon (1/1)

Altars:

Annotations:
D Roxanne


Innate Abilities, Weirdness & Mutations

You are too large for most types of armour.
You have claws for hands.
Your natural rate of healing is unusually fast.
You are covered in fur. (AC +1)
You have tough skin. (AC +1)
You have a pair of small antennae on your head.
You are very dopey. (Int -4)
You occasionally shout uncontrollably at your foes.
You have hidden genetic defects.


Message History

You claw the worm!
The worm is almost dead.
The ice statue glitters chillingly in the dim dungeon light.
You claw the worm!
You kill the worm!
Trog accepts your kill.
The boulder beetle bites you but does no damage.
You mangle the boulder beetle!!
The boulder beetle is heavily wounded.
The boulder beetle bites you!!
You scratch the boulder beetle but do no damage.
The boulder beetle is heavily wounded.
The boulder beetle bites you!!
You claw the boulder beetle!
The boulder beetle is severely wounded.
The boulder beetle closely misses you.
You scratch the boulder beetle but do no damage.
The boulder beetle is severely wounded.
The boulder beetle leaps!
The boulder beetle bites you!!
* * * LOW HITPOINT WARNING * * *
There is an open door, spattered with blood here.
You scratch the boulder beetle but do no damage.
The boulder beetle is severely wounded.
The boulder beetle leaps!
You enter the shallow water.
The boulder beetle curls into a ball and begins rolling!
The boulder beetle hits you.
* * * LOW HITPOINT WARNING * * *
The boulder beetle stops rolling and uncurls.
The boulder beetle bites you!
* * * LOW HITPOINT WARNING * * *
You claw the boulder beetle!
The boulder beetle is severely wounded.
The boulder beetle bites you.
* * * LOW HITPOINT WARNING * * *
You scratch the boulder beetle.
The boulder beetle is severely wounded.
The boulder beetle bites you!
You die...

##.##..$# .+
+.<.+# .#~
##.##B..#
##~# { #'##
.##
~~#####..##
# ~~~#.##..#
#~##.#.## §
#~B##'##~~§§
#@~~~~~~~§§≈
#+++#+++#~≈§
.... ......
.°8.....+
...°...##
......°##
+####


You could see a boulder beetle.

Vanquished Creatures
  4 neqoxecs (D)
  A water moccasin (D)
  3 worms (D)
8 creatures vanquished.

Vanquished Creatures (others)
  Menkaure (D)
1 creature vanquished.

Grand Total: 9 creatures vanquished

Notes
Turn   | Place    | Note
-------+----------+-------------------------------------------
     0 | D        | sircluck the Troll Berserker began the quest for the Orb.
     0 | D        | Reached XP level 1. HP: 22/22 MP: 0/0
     1 | D        | Noticed a boulder beetle
     1 | D        | Noticed a boulder beetle
     5 | D        | Noticed a neqoxec
     5 | D        | Noticed a neqoxec
     8 | D        | Lost intelligence.
    12 | D        | Gained mutation: You have a pair of small antennae on your
                  | head. [a neqoxec]
    13 | D        | Killed a neqoxec
    14 | D        | Reached skill level 5 in Fighting
    14 | D        | Reached skill level 5 in Dodging
    14 | D        | Reached skill level 6 in Unarmed Combat
    14 | D        | Reached XP level 2. HP: 35/35 MP: 1/1
    14 | D        | Reached XP level 3. HP: 42/42 MP: 2/2
    14 | D        | Reached XP level 4. HP: 50/50 MP: 3/3
    14 | D        | Reached XP level 5. HP: 57/57 MP: 4/4
    27 | D        | Gained mutation: You occasionally shout uncontrollably at
                  | your foes. [a neqoxec]
    28 | D        | Killed a neqoxec
    29 | D        | Reached skill level 8 in Unarmed Combat
    29 | D        | Reached XP level 6. HP: 15/68 MP: 5/5
    31 | D        | Noticed Roxanne
    31 | D        | Noticed a neqoxec
    32 | D        | Noticed a neqoxec
    34 | D        | Gained mutation: You are dopey. (Int -2) [a neqoxec]
    35 | D        | Killed a neqoxec
    35 | D        | Reached ** piety under Trog
    35 | D        | Noticed a water moccasin
    36 | D        | Reached skill level 9 in Unarmed Combat
    40 | D        | Killed a water moccasin
    45 | D        | Gained mutation: You have hidden genetic defects. [a
                  | neqoxec]
    47 | D        | Killed a neqoxec
    48 | D        | Reached skill level 10 in Unarmed Combat
    48 | D        | Reached XP level 7. HP: 21/79 MP: 6/6
    62 | D        | Gained mutation: You are very dopey. (Int -4) [hidden
                  | defects]
    89 | D        | Reached *** piety under Trog
    94 | D        | Killed Menkaure
    97 | D        | Noticed an ice statue
   116 | D        | Slain by a boulder beetle

Illustrated notes

Levels and vault maps discovered:
D:        the_violet_keep_of_menkaure [sprint2_stairs_cluster_1,
          sprint2_shoproom, sprint2_temple, sprint2_basic_supplies,
          sprint2_obstacle_2, sprint2_obstacle_1, sprint2_obstacle_6,
          sprint2_obstacle_4, sprint2_obstacle_3, sprint2_timed_cluster_1,
          sprint2_smallroom_cluster_1, sprint2_smallroom_final_cluster_1,
          sprint2_transparent_cluster_1, sprint2_second_timed_cluster_1,
          sprint2_sniper_area_1, sprint2_heavy_combat_area_1,
          sprint2_mutation_trap_area_1, sprint2_forest_area_1,
          sprint2_light_combat_area_1, sprint2_behind_water_1,
          sprint2_near_end_vault_1]

Skill      XL: |  1  2  3  4  5  6 |
---------------+-------------------+-----
Fighting       | 5 6 7 |  7.9
Dodging        | 5 6 7 |  7.7
Unarmed Combat | 6 8 10 | 10.2

Action                     |  1- 3 |  4- 6 |  7- 9 || total
---------------------------+-------+-------+-------++-------
  Melee: Unarmed           |     4 |    25 |    16 ||    45
         Punch             |       |     1 |     1 ||     2
 Invoke: Berserk           |     1 |       |       ||     1
   Stab: Sleeping          |       |       |     1 ||     1
 Armour: Animal skin       |       |     6 |     1 ||     7
  Dodge: Dodged            |       |    11 |     4 ||    15

Table legend: (Time is in decaauts)
 A = Elapsed time spent in this place.
 B = Non-inter-level travel time spent in this place.
 C = Inter-level travel time spent in this place.
 D = Time resting spent in this place.
 E = Time spent auto-exploring this place.
 F = Levels seen in this place.
 G = Mean time per level.
                   A        B        C        D        E       F      G
               +--------+--------+--------+--------+--------+-----+--------+
         Total |    155 |    155 |      0 |     33 |      0 |   1 |  155.0 |
       Dungeon |    155 |    155 |      0 |     33 |      0 |   1 |  155.0 |
               +--------+--------+--------+--------+--------+-----+--------+

Top non-repeatable levels by time:
       D: 155 daAuts
